 Dungeon Crawl Stone Soup version 0.29-a0-615-gdeedd76 (webtiles) character file.

Game seed: 11046157374996788129

71239 Illumine the Spry (level 14, -7/81 HPs)
             Began as a Spriggan Hunter on June 16, 2022.
             Was an Initiate of Gozag.
             Shot with an arrow by a centaur warrior (27 damage)
             ... on level 13 of the Dungeon on June 17, 2022.
             The game lasted 00:59:56 (28849 turns).

Illumine the Spry (Spriggan Hunter)                Turns: 28849, Time: 00:59:56

Health: -7/81      AC:  6    Str:  7    XL:     14   Next: 97%
Magic:  26/26      EV: 34    Int:  7    God:    Gozag
Gold:   3911       SH:  5    Dex: 24    Spells: 17/28 levels left

rFire   + . .      SeeInvis +   a - +4 shortbow (flame)
rCold   . . .      Faith    .   (shield currently unavailable)
rNeg    . . .      Spirit   .   B - +2 robe {Archmagi}
rPois   +          Reflect  +   (helmet restricted)
rElec   .          Harm     .   j - +1 cloak
rCorr   .          Rampage  .   (gloves unavailable)
Will    +++..      Archmagi +   (boots unavailable)
Stlth   ++++......              r - amulet of reflection
HPRegen 0.23/turn               T - +4 ring of slaying
MPRegen 0.20/turn               U - ring of Fettion {rPois rF+ Will+ Int-3 Stlth+}

@: gold aura, very quick
A: very small, no large weapons, unfitting armour, see invisible, speed 3
a: Renounce Religion, Potion Petition, Call Merchant, Bribe Branch


You were on level 13 of the Dungeon.
You worshipped Gozag.
Gozag was most pleased with you.
You visited 4 branches of the dungeon, and saw 22 of its levels.
You also visited: Bailey.

You collected 7834 gold pieces.
You spent 1168 gold pieces at shops.
You paid 2755 gold pieces to Gozag.

Inventory:

Hand Weapons
 a - a +4 shortbow of flaming (weapon)
 b - the +11 long sword of Luoguc {speed, rPois rC++ rCorr Int-4}
   (You bought it in a shop on level 1 of the Lair of Beasts)

   Attacks with this weapon are significantly faster.
   Int:       It affects your intelligence (-4).
   rC:        It greatly protects you from cold.
   rPois:     It protects you from poison.
   rCorr:     It protects you from acid and corrosion.
 o - the +3 woodcutter's axe {vorpal}
   (You found it on level 4 of the Dungeon)

   It inflicts extra damage upon your enemies.
 w - the +6 hunting sling of the Ecumenical Temple {flame, rF++ rC+++ rN+ Int-5}
   (You found it in a bailey)

   Any ammunition fired from it burns those it strikes, dealing additional fire
   damage.
   Int:       It affects your intelligence (-5).
   rF:        It greatly protects you from fire.
   rC:        It renders you almost immune to cold.
   rN:        It protects you from negative energy.
Missiles
 X - 2 throwing nets
Armour
 j - a +1 cloak (worn)
 A - the +1 robe of the Echidna {rElec MP+9}
   (You bought it in a shop on level 6 of the Lair of Beasts)

   rElec:     It insulates you from electricity.
   MP:        It affects your magic capacity (+9).
 B - a +2 robe of the Archmagi (worn)
Magical Staves
 v - a staff of fire
 I - a staff of cold
Jewellery
 r - an amulet of reflection (around neck)
 D - a ring of flight
 E - the ring of Layxtim {rPois Will+ Str+2}
   (You found it in a bailey)

   [ring of poison resistance]

   Str:       It affects your strength (+2).
   rPois:     It protects you from poison.
   Will:      It increases your willpower.
 G - a ring of protection from fire
 N - a ring of willpower
 R - a +6 ring of dexterity
 S - a ring of positive energy
 T - a +4 ring of slaying (left hand)
 U - the ring of Fettion (right hand) {rPois rF+ Will+ Int-3 Stlth+}
   (You bought it in a shop on level 2 of the Orcish Mines)

   [ring of poison resistance]

   Int:       It affects your intelligence (-3).
   rF:        It protects you from fire.
   rPois:     It protects you from poison.
   Will:      It increases your willpower.
   Stlth:     It makes you more stealthy.
 V - a +6 ring of intelligence
Wands
 d - a wand of mindburst (8)
 g - a wand of flame (60)
 n - a wand of iceblast (2)
 p - a wand of polymorph (2)
 u - a wand of charming (8)
 J - a wand of digging (9)
 Z - a wand of acid (5)
Scrolls
 c - 2 scrolls of immolation
 f - 5 scrolls of fog
 h - 3 scrolls of teleportation
 i - a scroll of silence
 m - 6 scrolls of vulnerability
 q - 3 scrolls of amnesia
 y - 2 scrolls of fear
 K - 6 scrolls of enchant armour
 L - 3 scrolls of blinking
 O - a scroll of magic mapping
 P - a scroll of torment {unknown}
 Q - a scroll of poison
 Y - a scroll of acquirement {unknown}
Potions
 e - 3 potions of cancellation
 k - 3 potions of heal wounds
 l - 9 potions of curing
 s - 3 potions of flight
 t - a potion of brilliance {unknown}
 x - a potion of haste
 z - 3 potions of lignification {unknown}
 C - a potion of resistance {unknown}
 F - 3 potions of mutation {unknown}
 H - a potion of might {unknown}
 M - 2 potions of degeneration {unknown}
 W - 9 potions of ambrosia


   Skills:
 + Level 12.5 Fighting
 + Level 7.6 Long Blades
 - Level 16.0 Bows
 + Level 16.1 Dodging
 - Level 5.0 Stealth
 + Level 7.8 Spellcasting
 + Level 3.4 Conjurations
 - Level 4.0 Translocations
 + Level 3.7 Fire Magic
 - Level 5.0 Evocations


You had 17 spell levels left.
You knew the following spells:

 Your Spells              Type           Power      Damage    Failure   Level
a - Gell's Gravitas       Tloc           12%        N/A       12%         3
b - Blink                 Tloc           24%        N/A       6%          2
c - Teleport Other        Tloc           12%        N/A       12%         3
d - Conjure Flame         Conj/Fire      11%        6-21      14%         3

Your spell library contained the following spells:

 Spells                   Type           Power      Damage    Failure   Level
 Necrotize                Necr           16%        1d4       22%         1
 Ensorcelled Hibernation  Hex/Ice        8%         N/A       32%         2
 Passwall                 Tmut/Erth      3%         N/A       32%         2
 Sublimation of Blood     Necr           4%         N/A       32%         2
 Ignite Poison            Fire/Tmut/Pois 6%         N/A       36%         3
 Flame Wave               Conj/Fire      11%        2d5       43%         4
 Sticky Flame             Conj/Fire      11%        2d3       43%         4
 Swiftness                Air            4%         N/A       54%         3
 Vampiric Draining        Necr           4%         2d6       54%         3
 Olgreb's Toxic Radiance  Pois           4%         N/A       91%         4
 Petrify                  Tmut/Erth      4%         N/A       91%         4
 Irradiate                Conj/Tmut      3%         3d14      96%         5
 Agony                    Necr           4%         N/A       99%         5
 Dispersal                Tloc           6%         N/A       99%         6
 Malign Gateway           Summ/Tloc      4%         N/A       100%        7
 Ozocubu's Refrigeration  Ice            2%         4d5       100%        7
 Ignition                 Fire           5%         3d4       100%        8


Dungeon Overview and Level Annotations

Branches:
Dungeon (13/15)            Temple (1/1) D:4            Lair (6/6) D:8
  Swamp (0/4) Lair:4       Spider (0/4) Lair:2        Slime (0/5) Lair:6
    Orc (2/2) D:12            Elf (0/3) Orc:2        Bailey (visited)
 Vaults: D:13-14

Altars:
Ashenzari
Dithmenos
Elyvilon
Fedhas
Gozag
Hepliaklqana
Kikubaaqudgha
Makhleb
Nemelex Xobeh
Qazlal
Ru
Sif Muna
Trog
Uskayaw
Vehumet
Wu Jian
Xom
Yredelemnul
Zin
The Shining One
Beogh
Jiyva

Shops:
D:10 *   D:11 :   D:12 *   Orc:2 (*=(   Lair:1 (   Lair:6 [

Portals:
Abyss: Lair:5

Annotations:
Lair:4 Nessos
Lair:5 2 transporters, PurpleRed's ghost, journeyman VSHW


Innate Abilities, Weirdness & Mutations

You are very small and have problems with some larger weapons.
You are too small for most types of armour.
You have supernaturally acute eyesight. (SInv)
You cover ground extremely quickly. (Speed+++)


Message History

Shoot: a) +4 shortbow (flame)
Press: ? - help, Shift-Dir - straight line, f - centaur
Aim: a centaur, wielding a +0 shortbow (lightly wounded, 84% to hit)
You shoot an arrow. The arrow closely misses the centaur.
Unknown command.
Shoot: a) +4 shortbow (flame)
Press: ? - help, Shift-Dir - straight line, f - centaur warrior
Aim: a centaur warrior (moderately wounded, 82% to hit)
You shoot an arrow. The arrow hits the centaur warrior.
The arrow burns the centaur warrior.
The centaur warrior is heavily wounded.
The centaur warrior wields a +0 longbow.
The centaur warrior shoots an arrow.
The arrow hits you!!
The centaur warrior shoots an arrow.
The arrow hits you!
Shoot: a) +4 shortbow (flame)
Press: ? - help, Shift-Dir - straight line, f/p - centaur warrior
Aim: a centaur warrior, wielding a +0 longbow (heavily wounded, 82% to hit)
You shoot an arrow. The arrow hits the centaur warrior.
The arrow burns the centaur warrior.
The centaur warrior is heavily wounded.
Unknown command.
Shoot: a) +4 shortbow (flame)
Press: ? - help, Shift-Dir - straight line, f/p - centaur warrior
Aim: a centaur warrior, wielding a +0 longbow (heavily wounded, 82% to hit)
You shoot an arrow.
The arrow barely misses the centaur warrior.
The centaur warrior shoots an arrow.
The arrow hits you!!
* * * LOW HITPOINT WARNING * * *
Shoot: a) +4 shortbow (flame)
Press: ? - help, Shift-Dir - straight line, f/p - centaur warrior
Aim: a centaur warrior, wielding a +0 longbow (heavily wounded, 82% to hit)
You shoot an arrow. The arrow hits the centaur warrior!
The arrow burns the centaur warrior.
The centaur warrior is almost dead.
The centaur warrior shoots an arrow.
The arrow completely misses you.
The centaur is distracted by your dazzling golden aura.
The centaur shouts!
The centaur warrior shoots an arrow.
The arrow hits you!!
You die...
Your body crumbles into a pile of gold.

*******,..,............#
***c#............#
*#c#........<..#
#..#..........#
*#.##........##
*#.##.......#
#..##...c..##
##.######...# ** ##@##
#...## .# #..###..## )##
##.....## ..## #....##
...## ##..## ....#
##.)### ....## ##.....#
.....# ##......# .....##
##..)....#


You could see a centaur warrior and a centaur.

Vanquished Creatures
  3 catoblepae (Lair:6)
  Harold (D:9)
  6 hydras
  A boulder beetle (D:11)
  Erolcha (D:12)
  11 two-headed ogres
  7 death yaks (Lair:6)
  An orc high priest (Orc:1)
  Sonja (Lair:2)
  2 ugly things (D:12)
  A deep elf pyromancer (D:12)
  2 orc knights (Bailey)
  4 orc sorcerers (Orc:2)
  2 manticores (Lair:6)
  A cyclops (D:11)
  11 elephants
  Maurice (D:12)
  5 black mambas
  2 torpor snails (Lair:6)
  A gargoyle (D:12)
  6 cane toads
  3 rime drakes
  8 komodo dragons
  An unseen horror (D:10)
  8 polar bears
  3 meliai (Lair:5)
  6 trolls
  A queen bee (Lair:5)
  19 blink frogs
  5 slime creatures (D:13)
  4 dream sheep (Lair:6)
  5 centaur simulacra (D:12)
  2 vampires
  3 shadows (D:12)
  6 wyverns
  4 wraiths (D:12)
  4 basilisks
  63 yaks
  7 vampire mosquitoes
  2 redbacks
  3 steam dragons
  3 acid dragons
  8 water moccasins
  26 orc warriors
  5 black bears
  5 ice beasts
  6 sky beasts
  9 ogres (Orc:1)
  12 wolves
  11 centaurs
  2 kobold brigands (D:3)
  13 bullfrogs
  2 scorpions
  3 gnoll sergeants
  11 wights
  A troll zombie (D:12)
  30 killer bees
  4 electric eels
  2 vampire bats (Lair:2)
  4 howler monkeys
  17 orc priests
  2 jellies
  Crazy Yiuf (D:2)
  7 iguanas
  30 orc wizards
  5 ogre zombies (D:12)
  Robin (D:2)
  30 gnolls
  9 adders
  A shadow imp (D:6)
  4 white imps
  3 ufetubi
  4 worms
  2 dart slugs (D:4)
  65 orcs
  5 ball pythons
  6 endoplasms
  5 giant cockroaches
  18 hobgoblins
  8 jackals
  6 quokkas
  9 bats
  5 frilled lizards
  22 goblins
  A goblin skeleton (D:12)
  2 goblin zombies (D:12)
  A hobgoblin skeleton (D:12)
  3 hobgoblin zombies (D:12)
  46 kobolds
  12 orc zombies (D:12)
  3 rats
717 creatures vanquished.

Vanquished Creatures (collateral kills)
  An orc warrior (Bailey)
1 creature vanquished.

Vanquished Creatures (others)
  30 fungi
  46 plants
76 creatures vanquished.

Grand Total: 794 creatures vanquished

Notes
Turn   | Place    | Note
-------+----------+-------------------------------------------
     0 | D:1      | Illumine the Spriggan Hunter began the quest for the Orb.
     0 | D:1      | Reached XP level 1. HP: 10/10 MP: 2/2
    16 | D:1      | Found a faded altar of an unknown god.
    48 | D:1      | Reached skill level 5 in Bows
   190 | D:1      | Reached XP level 2. HP: 14/14 MP: 3/3
   983 | D:1      | Reached XP level 3. HP: 18/18 MP: 4/4
  1187 | D:2      | Noticed Robin
  1199 | D:2      | Killed Robin
  1420 | D:2      | Reached XP level 4. HP: 23/23 MP: 5/5
  1556 | D:2      | Found a runed translucent door.
  1557 | D:2      | Noticed Crazy Yiuf
  2262 | D:3      | Noticed a kobold brigand
  2294 | D:3      | Killed a kobold brigand
  2295 | D:3      | Reached XP level 5. HP: 25/27 MP: 6/6
  2725 | D:3      | Reached XP level 6. HP: 16/32 MP: 7/7
  3594 | D:4      | Found the +3 woodcutter's axe {vorpal}
  3663 | D:4      | Reached skill level 5 in Dodging
  3787 | D:4      | Reached XP level 7. HP: 36/36 MP: 8/8
  4361 | D:4      | Found a staircase to the Ecumenical Temple.
  4371 | Temple   | Entered the Ecumenical Temple
  4410 | Temple   | Became a worshipper of Gozag Ym Sagoz the Greedy
  4497 | D:5      | Entered Level 5 of the Dungeon
  4937 | D:5      | Noticed a vampire
  5066 | D:5      | Reached XP level 8. HP: 42/42 MP: 9/9
  5628 | D:6      | Reached skill level 1 in Evocations
  6005 | D:7      | Reached skill level 10 in Bows
  6337 | D:7      | Reached XP level 9. HP: 26/46 MP: 10/10
  6366 | D:7      | Found a flagged portal.
  6480 | Bailey   | Entered a bailey
  6542 | Bailey   | Noticed an orc knight
  6604 | Bailey   | Identified the +6 hunting sling of the Ecumenical Temple
                  | {flame, rF++ rC+++ rN+ Int-5}
  6610 | Bailey   | Identified the ring of Layxtim {rPois Will+ Str+2}
  6713 | Bailey   | Noticed an orc knight
  6721 | Bailey   | Reached skill level 5 in Fighting
  6739 | Bailey   | Killed an orc knight
  6740 | Bailey   | Reached skill level 5 in Evocations
  6745 | Bailey   | Killed an orc knight
  7616 | D:7      | Noticed a komodo dragon
  7728 | D:7      | Killed a komodo dragon
  7729 | D:7      | Reached XP level 10. HP: 53/53 MP: 11/11
  8317 | D:8      | Noticed a two-headed ogre
  8341 | D:8      | Killed a two-headed ogre
  8573 | D:8      | Reached skill level 10 in Dodging
  8770 | D:8      | Found a shimmering altar of Xom.
  8894 | D:8      | Found a staircase to the Lair.
  9129 | D:8      | Found a sparkling altar of Nemelex Xobeh.
  9134 | D:8      | Found a shadowy altar of Dithmenos.
  9135 | D:8      | Found a bloodstained altar of Trog.
  9137 | D:8      | Found a burning altar of Makhleb.
  9137 | D:8      | Found a glowing golden altar of the Shining One.
  9138 | D:8      | Found a basalt altar of Yredelemnul.
  9140 | D:8      | Found a radiant altar of Vehumet.
  9144 | D:8      | Found an ancient bone altar of Kikubaaqudgha.
  9210 | Lair:1   | Entered Level 1 of the Lair of Beasts
  9535 | Lair:1   | Noticed a black mamba
  9841 | Lair:1   | Reached XP level 11. HP: 58/58 MP: 12/12
  9909 | Lair:2   | Noticed Sonja
  9934 | Lair:1   | Bought a polished long sword for 297 gold pieces
  9934 | Lair:1   | Identified the +11 long sword of Luoguc {speed, rPois rC++
                  | rCorr Int-4} (You bought it in a shop on level 1 of the
                  | Lair of Beasts)
  9949 | Lair:1   | Learned a level 3 spell: Gell's Gravitas
 10306 | Lair:1   | Reached skill level 1 in Translocations
 10350 | Lair:1   | Reached skill level 1 in Spellcasting
 10768 | D:9      | Reached skill level 1 in Long Blades
 10810 | D:9      | Reached skill level 15 in Bows
 11016 | D:9      | Got the Incunabulum of the Blaze and the Traveller
 11020 | D:9      | Learned a level 2 spell: Blink
 11680 | D:9      | Noticed Harold
 11826 | D:2      | Upgraded the game from 0.29-a0-613-gf2c431b to
                  | 0.29-a0-615-gdeedd76
 11848 | D:2      | Killed Crazy Yiuf
 12763 | D:10     | Entered Level 10 of the Dungeon
 12763 | D:10     | Noticed a two-headed ogre
 13098 | D:10     | Killed a two-headed ogre
 13106 | D:10     | Found a hazy altar of Hepliaklqana.
 13178 | D:10     | Found a hide-covered altar of Uskayaw.
 13407 | D:10     | Found Lakostox's Overcharged Wands.
 13585 | D:10     | Found an ornate altar of the Wu Jian Council.
 14052 | D:11     | Noticed a two-headed ogre
 14064 | D:11     | Killed a two-headed ogre
 14229 | D:11     | Noticed a boulder beetle
 14308 | D:11     | Killed a boulder beetle
 14410 | D:11     | Reached XP level 12. HP: 64/64 MP: 19/19
 14653 | D:11     | Noticed a four-headed hydra
 14724 | D:11     | Killed a four-headed hydra
 14725 | D:11     | Reached skill level 5 in Spellcasting
 15194 | D:11     | You fall into a shaft and drop 2 floors!
 15235 | D:12     | Found Sickud's General Store.
 15238 | D:12     | Bought a scroll of identify for 20 gold pieces
 15238 | D:12     | Bought a scroll of fear for 35 gold pieces
 15927 | D:12     | Noticed a five-headed hydra
 15969 | D:12     | Killed a five-headed hydra
 16121 | D:12     | Noticed Erolcha
 16149 | D:12     | Killed Erolcha
 16436 | D:12     | Identified the +3 whip of Recklessness {freeze, Contam
                  | rF+++ Int-4 SInv}
 16670 | D:12     | Noticed Maurice
 16689 | D:12     | Killed Maurice
 16786 | D:12     | Found a staircase to the Orcish Mines.
 17439 | Orc:1    | Entered Level 1 of the Orcish Mines
 17488 | Orc:1    | Noticed a two-headed ogre
 17809 | Orc:2    | Entered Level 2 of the Orcish Mines
 18138 | Orc:2    | Reached skill level 10 in Fighting
 18514 | Orc:2    | Reached XP level 13. HP: 72/72 MP: 21/21
 19088 | Orc:2    | Reached skill level 5 in Long Blades
 19517 | Orc:2    | Found Urikim's Jewellery Emporium.
 19517 | Orc:2    | Found Wiapt's Weapon Emporium.
 19518 | Orc:2    | Found Xoifask's General Store.
 19523 | Orc:2    | Found Wupning's Weapon Shoppe.
 19528 | Orc:2    | Bought the ring of Fettion {rPois rF+ Will+ Int-3 Stlth+}
                  | for 577 gold pieces
 19583 | Orc:2    | Found a staircase to the Elven Halls.
 21249 | D:9      | Killed Harold
 21751 | Lair:2   | Killed Sonja
 21988 | Lair:2   | Found a hole to the Spider Nest.
 22400 | Lair:2   | Learned a level 3 spell: Teleport Other
 22630 | Lair:2   | Learned a level 3 spell: Conjure Flame
 22692 | Lair:2   | Reached skill level 15 in Dodging
 23175 | Lair:3   | Reached skill level 1 in Fire Magic
 23723 | Lair:4   | Reached skill level 1 in Conjurations
 23821 | Lair:4   | Reached XP level 14. HP: 79/79 MP: 23/23
 24284 | Orc:1    | Reached skill level 5 in Stealth
 24771 | Lair:4   | Found a staircase to the Swamp.
 24894 | Lair:4   | Noticed Nessos
 25246 | Lair:5   | Found a one-way gate to the infinite horrors of the Abyss.
 25246 | Lair:5   | Noticed PurpleRed's ghost (journeyman VSHW)
 25247 | Lair:5   | Found a transporter.
 25262 | Lair:5   | Found a transporter.
 26380 | Lair:6   | Entered Level 6 of the Lair of Beasts
 26867 | Lair:6   | Bought a heavy robe for 239 gold pieces
 26867 | Lair:6   | Identified the +1 robe of the Echidna {rElec MP+9} (You
                  | bought it in a shop on level 6 of the Lair of Beasts)
 27669 | Lair:6   | Found a viscous altar of Jiyva.
 27670 | Lair:6   | Found a staircase to the Slime Pits.
 27707 | Lair:6   | Identified the +6 spear "Jausaorich" {drain, rC+++ Str+3
                  | Int-4 Stlth+}
 28849 | D:13     | Shot with an arrow by a centaur warrior

Illustrated notes

Levels and vault maps discovered:
D:1:      scummos_arrival_checkerplants, layout_basic,
          ebering_ecumenical_altar_webs, columned_hall_lemuel, minmay_tromino_i4
D:2:      layout_basic, kennysheep_generic_room_10, uniq_crazy_yiuf_cottage,
          uniq_robin
D:3:      minmay_goblin_kobold_castle, layout_basic
D:4:      layout_rooms, minmay_temple_entry_nine_rooms, serial_corexii_hall,
          chequers_hall_statues_y, corexii_hall_statues_l
D:5:      minmay_evil_eye, layout_cave_pods, chequers_mini_garden,
          hangedman_abyss_or_decor_stabs
D:6:      layout_basic
D:7:      layout_basic, enter_bailey_5, minmay_lizard_king
D:8:      layout_cave_pools, nicolae_overflow_hallway_of_the_gods,
          david_lair_generic, minmay_misc_feat_enclosed,
          amcnicky_mini_pool_small
D:9:      layout_basic, serial_bayou_lagoon_a, uniq_harold
D:10:     layout_stronghold, lemuel_coloured_pillars_altar,
          kennysheep_little_box, mainiacjoe_overflow_catwalk,
          eino_small_chamber_without_monster, nicolae_shop_overcharged_wands
D:11:     layout_gridville
D:12:     layout_basic, zombieorc1_lemuel, serial_ice, serial_ice_o,
          serial_ice_c, serial_ice_l, serial_ice_h, nicolae_stop_n_shop_2,
          uniq_maurice, uniq_erolcha
D:13:     layout_cave_pods, drop_trap, fedhas_bush_and_centaur_altar
Temple:   eino_wide_crystal_templ
Lair:1:   layout_loops_ring, chequers_serial_rivers_micro_c, lemuel_fruit_fields
Lair:2:   layout_big_grid, spider_nest_entry_webs, roderic_batcave,
          grunt_megastairs_5, uniq_sonja
Lair:3:   layout_cave_shapes, guppyfry_lair_drakes
Lair:4:   layout_loops_ring, minmay_swamp_entry_swarm,
          infiniplex_staircase_pool, uniq_nessos
Lair:5:   layout_gridlike, gammafunk_ghost_abyssal_escape, special_room
          [special_room_bee]
Lair:6:   evilmike_catoblepas_cave, layout_gridlike, slime_altar_1,
          lemuel_fruit_tree, grunt_megastairs_4, serial_bayou_shore_a,
          serial_bayou_shore_b
Orc:1:    lemuel_ogre_cave, layout_caves, basic_altar, mines1_david
Orc:2:    st_orc_mages, layout_caves

Skill      XL: |  1  2  3  4  5  6  7  8  9 10 11 12 13 14 |
---------------+-------------------------------------------+-----
Stealth        | 2 3 4 5 |  5.0
Bows           | 5 6 7 9 10 12 14 15 16 | 16.0
Dodging        | 3 4 5 6 7 9 11 12 13 15 16 | 16.1
Fighting       | 2 3 4 5 7 10 11 12 | 12.5
Evocations     | 3 5 |  5.0
Translocations | 4 |  4.0
Spellcasting   | 4 5 7 |  7.8
Long Blades    | 2 4 6 7 |  7.6
Fire Magic     | 1 3 |  3.7
Conjurations   | 1 3 |  3.4

Action                   |  1- 3 |  4- 6 |  7- 9 | 10-12 | 13-15 || total
-------------------------+-------+-------+-------+-------+-------++-------
Melee: Long sword        |       |       |       |       |    42 ||    42
 Fire: Shortbow          |    98 |   205 |   394 |  1352 |  1278 ||  3327
Throw: Dart              |       |       |     3 |     5 |       ||     8
Invok: Potion Petition   |       |       |     1 |       |       ||     1
       Call Merchant     |       |       |       |     2 |     1 ||     3
Evoke: Wand              |       |       |     6 |       |     2 ||     8
  Use: Scroll            |       |     1 |     2 |    12 |     8 ||    23
       Potion            |       |       |     1 |     1 |     2 ||     4
 Stab: Distracted        |       |       |       |       |     1 ||     1
Armor: Robe              |     3 |     4 |     2 |     3 |    14 ||    26
Dodge: Dodged            |    25 |    54 |    71 |   226 |   299 ||   675
Block: Other             |       |       |    16 |    31 |    48 ||    95
       Reflection        |       |       |     3 |     3 |     4 ||    10

Table legend: (Time is in decaauts)
 A = Elapsed time spent in this place.
 B = Non-inter-level travel time spent in this place.
 C = Inter-level travel time spent in this place.
 D = Time resting spent in this place.
 E = Time spent auto-exploring this place.
 F = Levels seen in this place.
 G = Mean time per level.
                   A        B        C        D        E       F      G
               +--------+--------+--------+--------+--------+-----+--------+
         Total |  21197 |  19911 |   1286 |   4463 |   9917 |  23 |  921.6 |
       Dungeon |  12144 |  11388 |    756 |   1512 |   6820 |  13 |  934.2 |
        Temple |     39 |     26 |     13 |      0 |      3 |   1 |   39.0 |
          Lair |   6113 |   5664 |    449 |   1817 |   2324 |   6 | 1018.8 |
  Orcish Mines |   2551 |   2484 |     67 |   1132 |    649 |   2 | 1275.5 |
        Bailey |    349 |    349 |      0 |      1 |    119 |   1 |  349.0 |
               +--------+--------+--------+--------+--------+-----+--------+

Top non-repeatable levels by time:
    D:12: 1822 daAuts
   Orc:1: 1634 daAuts
  Lair:6: 1567 daAuts
     D:3: 1490 daAuts
  Lair:1: 1454 daAuts
     D:7: 1267 daAuts
  Lair:5: 1097 daAuts
    D:11: 1057 daAuts
     D:9: 1000 daAuts
     D:5: 997 daAuts
     D:8: 954 daAuts
   Orc:2: 916 daAuts
    D:10: 789 daAuts
  Lair:2: 760 daAuts
     D:1: 757 daAuts
